 Dungeon Crawl Stone Soup version 0.25.0-26-g0c896c7088 (webtiles) character file.

Game seed: 2797243960231638081

57 MisterFreud the Chiller (level 3, -1/29 HPs)
             Began as a Demonspawn Ice Elementalist on July 5, 2020.
             Slain by a gnoll
             ... wielding a +1 vorpal spear
              (2 damage)
             ... on level 2 of the Dungeon.
             The game lasted 00:03:25 (1476 turns).

MisterFreud the Chiller (DsIE)                      Turns: 1476, Time: 00:03:26

Health: -1/29      AC:  3    Str:  8    XL:     3   Next: 73%
Magic:  3/6        EV: 12    Int: 17    God:
Gold:   94         SH:  0    Dex: 13    Spells: 2/6 levels left

rFire    . . .     SeeInvis .   l - +0 short sword
rCold    . . .     Gourm    .   (no shield)
rNeg     . . .     Faith    .   a - +0 robe
rPois    .         Spirit   .   (helmet restricted)
rElec    .         Reflect  .   (no cloak)
rCorr    .         Harm     .   (no gloves)
MR       .....                  o - +0 pair of boots
Stlth    ++........             (no amulet)
HPRegen  0.09/turn              (no ring)
MPRegen  0.10/turn              (no ring)

@: lethally poisoned (-1 -> -7)
A: antennae 1, talons 1
a: no special abilities


You were on level 2 of the Dungeon.
You were not hungry.

You visited 1 branch of the dungeon, and saw 2 of its levels.

You collected 94 gold pieces.

Inventory:

Hand Weapons
 l - a +0 short sword (weapon)
Missiles
 m - 21 poisoned darts (quivered)
Armour
 a - a +0 robe (worn)
 o - a +0 pair of boots (worn)
Scrolls
 b - 6 scrolls of remove curse {unknown}
 f - 3 scrolls of identify {unknown}
 g - 3 scrolls of teleportation {unknown}
 i - a scroll of amnesia {unknown}
 k - 2 scrolls of immolation {unknown}
Potions
 e - a potion of cancellation {unknown}
 h - a potion of magic {unknown}
 j - a potion of ambrosia {unknown}
Comestibles
 c - 3 rations
 n - a chunk of flesh


   Skills:
 - Level 3.0 Fighting
 - Level 1.7 Dodging
 - Level 1.7 Stealth
 - Level 0.3 Unarmed Combat
 - Level 2.0 Spellcasting
 + Level 3.9 Ice Magic


You had 2 spell levels left.
You knew the following spells:

 Your Spells              Type           Power        Failure   Level  Hunger
a - Freeze                Ice            ###.         4%          1    #......
b - Frozen Ramparts       Ice            ###...       12%         3    ###....

Your spell library contained the following spells:

 Spells                   Type           Power        Failure   Level  Hunger
 Ozocubu's Armour         Chrm/Ice       #.......     26%         3    ###....
 Hailstorm                Conj/Ice       #.......     65%         4    #####..
 Summon Ice Beast         Ice/Summ       #.......     65%         4    #####..


Dungeon Overview and Level Annotations

Branches:
Dungeon (2/15)

Altars:
Hepliaklqana
Vehumet


Innate Abilities, Weirdness & Mutations

You have a pair of small antennae on your head.
You have sharp toenails.


Message History

You are more poisoned.
The adder poisons you!
Unknown command.
Unknown command.
You hit the adder.
The adder is heavily wounded.
You feel sick. The adder closely misses you.
The gnoll hits you from afar with a +1 vorpal spear.
* * * LOW HITPOINT WARNING * * *
x2 The adder bites you but does no damage.
The gnoll barely misses you.
Unknown command.
Unknown command.
Unknown command.
It was a potion of curing.
You feel better. The adder bites you.
* * * LOW HITPOINT WARNING * * *
You are poisoned.
The adder poisons you!
The gnoll hits you from afar with a +1 vorpal spear!
* * * LOW HITPOINT WARNING * * *
You die...

#.###.##### #. #.#
#.# #. #.# #.# #. #.#
#.# #. #.# #.# #. #.#
#.# ###. #.# #.#
#...########.###.####
#...S@)g.............
############.†...###
#.###.# #.# # #.# #%#
..g ..g ..#


You could see a gnoll and an adder.

Vanquished Creatures
  2 adders (D:2)
  A gnoll (D:2)
  3 dart slugs
  A leopard gecko (D:1)
  2 giant cockroaches
  2 goblins (D:1)
  A hobgoblin (D:1)
  A ball python (D:2)
  6 bats
  2 frilled lizards (D:1)
  2 kobolds (D:1)
  5 rats
28 creatures vanquished.

Notes
Turn   | Place    | Note
-------+----------+-------------------------------------------
     0 | D:1      | MisterFreud the Demonspawn Ice Elementalist began the quest
                  | for the Orb.
     0 | D:1      | Reached XP level 1. HP: 13/13 MP: 3/3
   182 | D:1      | Reached skill level 1 in Fighting
   316 | D:1      | Gained mutation: You have a pair of small antennae on your
                  | head. [demonic ancestry]
   316 | D:1      | Reached XP level 2. HP: 21/21 MP: 1/5
  1027 | D:2      | Gained mutation: You have sharp toenails. [demonic
                  | ancestry]
  1027 | D:2      | Reached XP level 3. HP: 28/28 MP: 2/6
  1299 | D:2      | Learned a level 3 spell: Frozen Ramparts
  1338 | D:2      | Found a hazy altar of Hepliaklqana.
  1341 | D:2      | Found a radiant altar of Vehumet.
  1476 | D:2      | HP: 1/29 [gnoll/+1 vorpal spear (7)]
  1476 | D:2      | Slain by a gnoll

Illustrated notes

Levels and vault maps discovered:
D:1:      dpeg_arrival_simpleton_b, layout_loops_ring,
          chequers_serial_rivers_micro_e
D:2:      layout_loops_ring, nicolae_overflow_hidden_temple, first_ration

Skill      XL: |  1  2  3 |
---------------+----------+-----
Fighting       | 1 2 3 |  3.0
Dodging        | |  1.7
Stealth        | |  1.7
Unarmed Combat | |  0.3
Spellcasting   | |  2.0
Ice Magic      | |  3.9

Action                   || total
-------------------------++-------
Melee: Unarmed           ||     6
       Short sword       ||     6
       Kick              ||     1
 Cast: Freeze            ||    37
       Frozen Ramparts   ||     2
  Use: Potion            ||     1
 Stab: Sleeping          ||     1
  Eat: Chunk             ||     2
Armor: Robe              ||     7
Dodge: Dodged            ||    22
